 Dungeon Crawl Stone Soup version 0.30.0-17-ge0270778cf (webtiles) character file.

Game seed: 7758232644678149612

4771 Kenran the Carver (level 10, -2/84 (85) HPs)
             Began as a Formicid Fighter on May 21, 2023.
             Was a Follower of Wu Jian.
             Killed from afar by an acid dragon (20 damage)
             ... with a splash of acid
             ... on level 6 of the Dungeon.
             The game lasted 00:14:18 (8517 turns).

Kenran the Carver (Formicid Fighter)                Turns: 8517, Time: 00:14:19

HP:   -2/84 (85)    AC:  0    Str: 23    XL:     10   Next: 75%
MP:   10/10         EV:  7    Int:  8    God:    Wu Jian [*.....]
Gold: 159           SH:  9    Dex: 17    Spells: 9/9 levels left

rFire   . . .        a - +0 long sword
rCold   . . .        w - +0 kite shield
rNeg    . . .        o - +0 chain mail
rPois   .            (helmet unavailable)
rElec   .            (no cloak)
rCorr   .            u - +0 pair of gloves of Polish {Will+ Str+2}
SInv    +            d - +0 pair of boots
Will    ++...        (no amulet) Stlth
                     n - ring of flight
HPRegen 0.34/turn    (no ring)
MPRegen 0.12/turn

%: no passive effects
@: corroded, flying, lightly drained
A: permanent stasis, dig shafts and tunnels, antennae 3, four strong arms
a: Dig, Shaft Self, Renounce Religion


You were on level 6 of the Dungeon.
You worshipped Wu Jian.
Wu Jian was aware of your devotion.
You visited 1 branch of the dungeon, and saw 9 of its levels.
You also visited: Ossuary.

You collected 393 gold pieces.
You spent 234 gold pieces at shops.

Inventory:

Hand Weapons
 a - a +0 long sword (weapon)
Armour
 d - a +0 pair of boots (worn)
 o - a +0 chain mail (worn)
 u - the +0 pair of gloves of Polish (worn) {Will+ Str+2}
   (You bought it in a shop on level 8 of the Dungeon)

   Str:       It affects your strength (+2).
   Will:      It increases your willpower.
 w - a +0 kite shield (worn)
Jewellery
 n - a ring of flight (left hand)
Scrolls
 j - 4 scrolls of enchant weapon
 m - a scroll of enchant armour
 q - a scroll of fog {unknown}
 s - a scroll of noise {unknown}
 t - 3 scrolls of immolation {!r}
 v - 2 scrolls of poison {unknown}
Potions
 b - 4 potions of resistance
 c - a potion of magic {unknown}
 e - 7 potions of curing {@q1}
 f - 3 potions of flight
 g - 2 potions of might
 h - a potion of degeneration {unknown}
 i - 2 potions of heal wounds {@q2}
 k - 2 potions of lignification {unknown}
 l - a potion of attraction {unknown}
 p - a potion of haste {unknown}
 r - a potion of brilliance
 x - a potion of cancellation {unknown}
 A - a potion of ambrosia {unknown}
Miscellaneous
 B - a lightning rod (3/4)


   Skills:
 - Level 10.0 Fighting
 - Level 12.0 Long Blades
 + Level 5.4 Armour
 - Level 4.0 Shields


You had 9 spell levels left.
You didn't know any spells.
Your spell library contained the following spells:

 Spells                   Type           Power      Damage    Failure   Level
 Freeze                   Ice            0%         1d3       99%         1
 Magic Dart               Conj           0%         1d3       99%         1
 Searing Ray              Conj           0%         2d4       100%        2
 Static Discharge         Conj/Air       0%         2-2/arc   100%        2
 Frozen Ramparts          Ice            0%         1d1       100%        3
 Hailstorm                Conj/Ice       0%         3d3       100%        3
 Ozocubu's Armour         Ice            0%         N/A       100%        3
 Airstrike                Air            0%         2d(0-16)  100%        4
 Fulminant Prism          Conj/Hex       0%         3d5       100%        4
 Summon Lightning Spire   Summ/Air       0%         N/A       100%        4
 Ozocubu's Refrigeration  Ice            0%         4d7       100%        7


Dungeon Overview and Level Annotations

Branches:
Dungeon (9/15)             Temple (0/1) D:5             Orc (0/2) D:9
Ossuary (visited)
   Lair: D:8-11

Altars:
Makhleb
Nemelex Xobeh
Qazlal
Uskayaw
Wu Jian
Xom
Yredelemnul
Zin

Shops:
D:8 *

Annotations:
D:4 3 runed translucent doors, P0WERM0DE's ghost, weakling MeSu
D:7 Maggie
D:8 Amaemon


Innate Abilities, Weirdness & Mutations

You cannot be hasted, slowed, berserked, paralysed or teleported.
You can dig through walls and to a lower floor.
You have a pair of large antennae on your head. (SInv)
Your four strong arms can wield two-handed weapons with a shield.


Message History

You block the acid dragon's attack.
The acid dragon claws you but does no damage.
You barely miss the acid dragon.
The acid dragon is moderately wounded.
The acid dragon closely misses you. You block the acid dragon's attack.
You hit the acid dragon but do no damage.
The acid dragon is moderately wounded.
The acid dragon bites you! You block the acid dragon's attack.
You slash the acid dragon!
The acid dragon is severely wounded.
You block the acid dragon's attack.
The acid dragon claws you but does no damage.
You hit the acid dragon but do no damage.
The acid dragon is severely wounded.
The acid dragon bites you but does no damage.
The acid dragon claws you but does no damage.
You hit the acid dragon but do no damage.
The acid dragon is severely wounded.
The acid dragon spits acid at you. The splash of acid hits you!
The acid corrodes you!
You barely miss the acid dragon.
The acid dragon is severely wounded.
You hit the acid dragon.
The acid dragon is severely wounded.
The acid dragon bites you. The acid dragon claws you.
You closely miss the acid dragon.
The acid dragon is severely wounded.
You block the acid dragon's attack.
The acid dragon claws you but does no damage.
You barely miss the acid dragon.
The acid dragon is severely wounded.
The acid dragon spits acid at you. The splash of acid hits you!!
* * * LOW HITPOINT WARNING * * *
The acid corrodes you!
You barely miss the acid dragon.
The acid dragon is severely wounded.
The acid dragon spits acid at you. The splash of acid hits you!!
You die...

############# #............
+.......... ... #......... ..:.
#......# .... ##..D...# .....
+....@..##.....##.....
#.....................
#.....................
##########.....<........).....
####........#......#########.....
............#......##.....##.....
............#.............##.....
...........(#......##.....##.....
..(.........#......##............


You could see an acid dragon (catching breath).

Vanquished Creatures
  2 two-headed ogres (D:9)
  Grinder (D:6)
  Sigmund (D:2)
  6 yaks (D:9)
  A water moccasin (D:7)
  2 ice beasts (D:7)
  An orc warrior (D:5)
  A black bear (D:6)
  A phantom (D:5)
  5 scorpions
  2 water moccasin zombies (Ossuary)
  4 wights (D:6)
  A howler monkey (D:6)
  3 hounds
  6 jellies
  A gnoll bouda (D:7)
  6 orc priests
  2 iguanas (D:4)
  10 orc wizards
  2 mummies (Ossuary)
  Robin (D:2)
  11 gnolls
  8 adders
  An ufetubus (D:7)
  2 adder zombies (Ossuary)
  A worm (D:2)
  2 dart slugs
  19 orcs
  10 endoplasms
  2 giant cockroaches
  22 goblins
  17 hobgoblins
  7 quokkas
  5 ball pythons
  3 bats (D:1)
  4 frilled lizards
  9 gnoll zombies (Ossuary)
  6 hobgoblin zombies (Ossuary)
  A jackal zombie (D:4)
  8 kobolds
  4 kobold zombies (Ossuary)
  3 orc zombies (Ossuary)
  7 rats
  A rat zombie (D:4)
212 creatures vanquished.

Notes
Turn   | Place    | Note
-------+----------+-------------------------------------------
     0 | D:1      | Kenran the Formicid Fighter began the quest for the Orb.
     0 | D:1      | Reached XP level 1. HP: 18/18 MP: 1/1
    98 | D:1      | Reached XP level 2. HP: 21/24 MP: 2/2
   365 | D:1      | Reached skill level 3 in Long Blades
   418 | D:1      | Reached XP level 3. HP: 27/29 MP: 3/3
   856 | D:2      | Noticed Sigmund
   870 | D:2      | Killed Sigmund
   871 | D:2      | Reached skill level 5 in Long Blades
   871 | D:2      | Reached XP level 4. HP: 11/35 MP: 4/4
   871 | D:2      | Reached XP level 5. HP: 13/41 MP: 5/5
   871 | D:2      | Reached XP level 6. HP: 15/47 MP: 6/6
  1117 | D:2      | Reached skill level 6 in Long Blades
  1408 | D:2      | Noticed Robin
  1447 | D:2      | Killed Robin
  2868 | D:4      | Reached skill level 7 in Long Blades
  2868 | D:4      | Reached XP level 7. HP: 39/52 MP: 7/7
  3050 | D:4      | Found a sand-covered staircase.
  3131 | Ossuary  | Entered an ossuary
  3280 | Ossuary  | Reached skill level 8 in Long Blades
  3452 | D:4      | Found a runed translucent gate.
  3453 | D:4      | Found a runed translucent gate.
  3468 | D:4      | Found a runed translucent gate.
  3468 | D:4      | Noticed P0WERM0DE's ghost (weakling MeSu)
  3501 | D:4      | Found a stormy altar of Qazlal.
  3607 | D:4      | Reached XP level 8. HP: 43/58 MP: 8/8
  3961 | D:4      | Found an ornate altar of the Wu Jian Council.
  4176 | D:4      | Became a worshipper of the Wu Jian Council
  4286 | D:5      | Entered Level 5 of the Dungeon
  4326 | D:4      | Reached skill level 9 in Long Blades
  4714 | D:5      | Found a staircase to the Ecumenical Temple.
  4852 | D:5      | Found a sparkling altar of Nemelex Xobeh.
  4852 | D:5      | Found a basalt altar of Yredelemnul.
  4986 | D:5      | Reached skill level 10 in Long Blades
  5039 | D:5      | Found a glowing silver altar of Zin.
  5042 | D:5      | Found a hide-covered altar of Uskayaw.
  5042 | D:5      | Found an ancient bone altar of Kikubaaqudgha.
  5044 | D:5      | Found a shimmering altar of Xom.
  5044 | D:5      | Found a basalt altar of Yredelemnul.
  5044 | D:5      | Found a shimmering altar of Xom.
  5828 | D:5      | Found a glowing silver altar of Zin.
  5921 | D:5      | Reached skill level 5 in Fighting
  5921 | D:5      | Reached XP level 9. HP: 18/68 MP: 9/9
  6200 | D:6      | You are sucked into a shaft and drop 1 floor!
  6486 | D:7      | Reached * piety under Wu Jian
  6900 | D:7      | Reached skill level 11 in Long Blades
  7024 | D:7      | Noticed Maggie
  7027 | D:7      | You are sucked into a shaft and drop 2 floors!
  7096 | D:9      | Found a staircase to the Orcish Mines.
  7147 | D:9      | Noticed a two-headed ogre
  7161 | D:9      | Killed a two-headed ogre
  7180 | D:9      | Reached skill level 12 in Long Blades
  7188 | D:9      | Reached XP level 10. HP: 52/77 MP: 10/10
  7454 | D:9      | Noticed a two-headed ogre
  7467 | D:9      | Killed a two-headed ogre
  7578 | D:9      | Found a burning altar of Makhleb.
  7736 | D:8      | Noticed Amaemon
  7764 | D:8      | Found Bguoraot's Bounteous Boutique.
  7772 | D:8      | Bought the +0 pair of gloves of Polish {Will+ Str+2} for
                  | 234 gold pieces
  7981 | D:7      | Reached skill level 10 in Fighting
  8008 | D:6      | Noticed Grinder
  8020 | D:6      | Killed Grinder
  8234 | D:6      | Reached skill level 5 in Armour
  8517 | D:6      | Killed from afar by an acid dragon

Illustrated notes

Levels and vault maps discovered:
D:1:      shiori_arrival_maze, layout_loops_ring, minmay_pentomino_v4
D:2:      minmay_chambers_of_twos, layout_basic, minmay_misc_feat_pillars,
          uniq_sigmund, uniq_robin
D:3:      layout_loops_ring, saegor_snake_ambush
D:4:      layout_loops_cross, grunt_qazlal_clouds, nzn_wu_jian_council_hall,
          enter_ossuary_3, gammafunk_ghost_nasty_kobolds
D:5:      layout_loops_corners, zin_scriptorium, doesnt_xom_only_xom,
          grunt_temple_overflow_open, temple_green
D:6:      layout_gridville, uniq_grinder
D:7:      layout_loops_corners, tso_altar, uniq_maggie
D:8:      layout_basic, grunt_temple_overflow_magic_moments, david_lair_generic,
          nicolae_alphabet_shops, uniq_amaemon, uniq_psyche
D:9:      layout_loops_corners, lightli_temple_of_fire,
          overflow_temple_1_default, orc_0_dummy, corner_web_ring

Skill      XL: |  1  2  3  4  5  6  7  8  9 10 |
---------------+-------------------------------+-----
Long Blades    | 3 5 7 8 10 12 | 12.0
Fighting       | 5 6 10 | 10.0
Armour         | 5 |  5.4
Shields        | |  4.0

Action                     |  1- 3 |  4- 6 |  7- 9 | 10-12 || total
---------------------------+-------+-------+-------+-------++-------
  Melee: Long sword        |    96 |   191 |   461 |   130 ||   878
  Throw: Throwing net      |       |       |     1 |     1 ||     2
Ability: Dig               |       |     1 |     2 |       ||     3
         Lunge             |       |       |    11 |     6 ||    17
         Shaft Self        |       |       |     1 |       ||     1
         Whirlwind         |       |       |       |    27 ||    27
  Evoke: Lightning rod     |       |       |       |     2 ||     2
    Use: Scroll            |     1 |     4 |     5 |     2 ||    12
         Potion            |     1 |       |     2 |       ||     3
   Stab: Held in net/web   |       |       |     1 |       ||     1
 Armour: Scale mail        |    34 |    61 |       |       ||    95
         Chain mail        |       |     9 |   163 |    36 ||   208
  Dodge: Dodged            |    44 |    60 |   117 |    24 ||   245
  Block: Buckler           |    18 |    37 |    76 |     5 ||   136
         Kite shield       |       |       |       |    31 ||    31
